 Dungeon Crawl Stone Soup version 0.31-a0-746-ge8284cb111 (webtiles) character file.

Game seed: 17081161590791916746

19 GordonOverkill the Sneak (level 2, -3/19 HPs)
             Began as a Deep Elf Delver on Sept 14, 2023.
             Splashed by a jelly's acid (5 damage)
             ... on level 5 of the Dungeon.
             The game lasted 00:01:40 (358 turns).

GordonOverkill the Sneak (Deep Elf Delver)           Turns: 358, Time: 00:01:41

Health: -3/19      AC: -5    Str:  9    XL:     2   Next: 55%
Magic:  6/6        EV: 12    Int: 14    God:
Gold:   23         SH:  0    Dex: 16    Spells: 4/4 levels left

rFire   . . .        a - +0 short sword
rCold   . . .        (no shield)
rNeg    . . .        b - +0 leather armour
rPois   .            (no helmet)
rElec   .            (no cloak)
rCorr   .            (no gloves)
SInv    .            (no boots)
Will    .....        (no amulet)
Stlth   +++          (no ring)
HPRegen 0.23/turn    (no ring)
MPRegen 0.10/turn

%: no passive effects
@: corroded
A: no striking features
a: no special abilities


You were on level 5 of the Dungeon.
You visited 1 branch of the dungeon, and saw 2 of its levels.

You collected 23 gold pieces.

Inventory:

Hand Weapons
 a - a +0 short sword (weapon)
Armour
 b - a +0 leather armour (worn)
Wands
 g - a wand of digging (3)
Scrolls
 c - a scroll of fog
 d - a scroll of revelation


   Skills:
 - Level 3.0 Fighting
 - Level 2.0 Short Blades
 - Level 2.4 Dodging
 - Level 6.0 Stealth
 + Level 1.7 Spellcasting


You had 4 spell levels left.
You didn't know any spells.
Your spell library was empty.

Dungeon Overview and Level Annotations

Branches:
Dungeon (6/15)
 Temple: D:4-7

Altars:

Annotations:
D:5 Ijyb


Message History

* * * LOW HITPOINT WARNING * * *
As you read the scroll of teleportation, it crumbles to dust.
You feel strangely unstable. The hound barely misses you.
The hound barely misses you. The hound closely misses you.
Your surroundings suddenly seem different.
A jelly comes into view.
Found 5 gold pieces.
Found a stone staircase leading up. 2 gnolls come into view.
A gnoll is wielding a +0 spear.
The jelly quivers.
The jelly closely misses you.
You hit the jelly.
Your hands burn!
* * * LOW HITPOINT WARNING * * *
The jelly is lightly wounded.
The jelly hits you but does no damage.
The air fills with toxic fumes!
As you read the scroll labelled TUODWE TAAN, it crumbles to dust.
It was a scroll of poison.
The jelly barely misses you.
You aren't carrying any potions.
Okay, then.
Okay, then.
You barely miss the jelly.
The jelly is lightly wounded.
The jelly barely misses you.
You hit the jelly.
Your hands burn!
* * * LOW HITPOINT WARNING * * *
The jelly is lightly wounded.
The jelly hits you but does no damage.
You hit the jelly. The acid corrodes you!
Your hands burn!
* * * LOW HITPOINT WARNING * * *
The jelly is lightly wounded.
The jelly barely misses you.
You barely miss the jelly.
The jelly is lightly wounded.
You hit the jelly.
Your hands burn!
* * * LOW HITPOINT WARNING * * *
The jelly is moderately wounded.
The jelly closely misses you.
You hit the jelly. The acid corrodes you!
Your hands burn!
You die...

#☼§☼§☼☼§##
§#§§§§§§§§
§§§§☼8§☼§§
#§§s8§8§§##
☼§§§§8§§§§#
#☼§§§§§☼§#
##§☼§§J§☼§#
§§§§☼☼§@§☼#
#§#######§#
### #.# #.#
.. #.# #.#
. #.# #.# #
##.## #g#
####.#
#...# ..g
......
#.#.# ... #
##.#.## ###
..#


You could see a scorpion and a jelly.

Vanquished Creatures
  2 adders (D:5)
  A quokka (D:5)
3 creatures vanquished.

Notes
Turn   | Place    | Note
-------+----------+-------------------------------------------
     0 | D:5      | GordonOverkill the Deep Elf Delver began the quest for the
                  | Orb.
     0 | D:5      | Reached XP level 1. HP: 13/13 MP: 3/3
    28 | D:6      | Noticed an iguana
    42 | D:6      | Noticed a hound
    43 | D:6      | Noticed a hound
    91 | D:5      | Noticed a scorpion
   133 | D:5      | Reached XP level 2. HP: 7/19 MP: 4/4
   223 | D:5      | Reached skill level 1 in Spellcasting
   336 | D:5      | Noticed Ijyb
   358 | D:5      | Splashed by a jelly's acid

Illustrated notes

Levels and vault maps discovered:
D:5:      minmay_general_purpose_star, layout_loops_ring,
          mainiacjoe_overflow_24_doors, serial_shops, shop_fountains,
          minmay_misc_feat_tiny, st_stairs_14, kennysheep_generic_room_11,
          uniq_ijyb, uniq_duvessa
D:6:      layout_basic, lemuel_round_altar, kennysheep_small_square,
          uniq_sigmund

Skill      XL: |  1  2 |
---------------+-------+-----
Fighting       | 3 |  3.0
Spellcasting   | 1 |  1.7
Short Blades   | |  2.0
Dodging        | |  2.4
Stealth        | |  6.0

Action                     || total
---------------------------++-------
  Melee: Short sword       ||    34
         Punch             ||     2
    Use: Scroll            ||     4
         Potion            ||     1
   Stab: Sleeping          ||     1
 Armour: Leather armour    ||    21
  Dodge: Dodged            ||    29

Table legend: (Time is in decaauts)
 A = Elapsed time spent in this place.
 B = Non-inter-level travel time spent in this place.
 C = Inter-level travel time spent in this place.
 D = Time resting spent in this place.
 E = Time spent auto-exploring this place.
 F = Levels seen in this place.
 G = Mean time per level.
                   A        B        C        D        E       F      G
               +--------+--------+--------+--------+--------+-----+--------+
         Total |    338 |    338 |      0 |     94 |      0 |   2 |  169.0 |
       Dungeon |    338 |    338 |      0 |     94 |      0 |   2 |  169.0 |
               +--------+--------+--------+--------+--------+-----+--------+

Top non-repeatable levels by time:
     D:5: 277 daAuts
     D:6: 60 daAuts
